 Dungeon Crawl Stone Soup version 0.22-a0-537-ge9e9f76342 (webtiles) character file.

10 M4edhros the Grave Robber (level 2, -3/17 HPs)
             Began as an Octopode Necromancer on June 23, 2018.
             Slain by an orc (4 damage)
             ... on level 3 of the Dungeon.
             The game lasted 00:00:31 (152 turns).

M4edhros the Grave Robber (Octopode Necromancer)     Turns: 152, Time: 00:00:31

Health: -3/17      AC:  1    Str:  7    XL:     2   Next: 20%
Magic:  5/5        EV: 13    Int: 17    God:
Gold:   5          SH:  0    Dex: 12    Spells: 3/5 levels left

rFire    . . .     SeeInvis .     - Unarmed
rCold    . . .     Gourm    .   (no shield)
rNeg     . . .     Faith    .   (helmet restricted)
rPois    .         Spirit   .   (no amulet)
rElec    .         Reflect  .   (no ring)
rCorr    .         Harm     .   (no ring)
MR       .....                  (no ring)
Stlth    +++.......             (no ring)
HPRegen  0.05/turn              (no ring)
MPRegen  0.09/turn              (no ring)
                                (no ring)
                                (no ring)

@: no status effects
A: almost no armour, stealthy swim, amphibious, 8 rings, constrict 8, camouflage
1, gelatinous body 1
a: no special abilities


You were on level 3 of the Dungeon.
You were not hungry.

You visited 1 branch of the dungeon, and saw 3 of its levels.

You collected 5 gold pieces.

Inventory:

Comestibles
 a - a chunk of flesh
 b - 2 rations


   Skills:
 - Level 2.0 Dodging
 - Level 2.6 Stealth
 + Level 1.8 Unarmed Combat
 - Level 2.0 Spellcasting
 - Level 4.0 Necromancy


You had 3 spell levels left.
You knew the following spells:

 Your Spells              Type           Power        Failure   Level  Hunger
a - Pain                  Necr           ###.         3%          1    #......
b - Animate Skeleton      Necr           N/A          3%          1    #......

Your spell library contained the following spells:

 Spells                   Type           Power        Failure   Level  Hunger
 Animate Dead             Necr           N/A          36%         4    #####..
 Vampiric Draining        Necr           ###.......   11%         3    ###....
 Regeneration             Chrm/Necr      #.........   26%         3    ###....


Dungeon Overview and Level Annotations

Branches:
Dungeon (3/15)

Altars:


Innate Abilities, Weirdness & Mutations

You cannot wear most types of armour.
You are very stealthy in the water. (Stealth+)
You are amphibious.
You can wear up to eight rings at the same time.
You can use your tentacles to constrict eight enemies at once.
Your skin changes colour to match your surroundings (Stealth+).
Your rubbery body absorbs attacks. (AC +1, EV +1)


Message History

The orc is almost dead.
You constrict the orc, but do no damage.
The orc hits you with a club.
* * * LOW HITPOINT WARNING * * *
You barely miss the orc.
The orc is almost dead.
You constrict the orc.
You kill the orc!
You barely miss the orc. Your grab misses the orc. The orc barely misses you.
You tentacle-slap the orc. Your grab misses the orc.
The orc is heavily wounded.
The orc hits you.
* * * LOW HITPOINT WARNING * * *
You closely miss the orc. Your grab misses the orc.
The orc is heavily wounded.
The orc barely misses you.
You closely miss the orc. You grab the orc.
The orc is heavily wounded.
You constrict the orc. The orc hits you.
You die...

#########
#....@oo###
#.#####o..####
##......### #.
#..###....#
#.. #...##
#....# #.##
#......#
#....####...
#....oo#
#....Z..###.
...o....#
#..##.#.....
##.......
#..##..###..


You could see 3 orcs.

Vanquished Creatures
  An ooze (D:3)
  2 orcs (D:3)
  A frilled lizard (D:1)
  A rat (D:3)
5 creatures vanquished.

Notes
Turn   | Place    | Note
-------+----------+-------------------------------------------
     0 | D:1      | M4edhros the Octopode Necromancer began the quest for the Orb.
     0 | D:1      | Reached XP level 1. HP: 11/11 MP: 3/3
    96 | D:3      | Reached skill level 1 in Unarmed Combat
   104 | D:3      | Learned a level 1 spell: Animate Skeleton
   143 | D:3      | Reached XP level 2. HP: 5/17 MP: 5/5
   152 | D:3      | Slain by an orc

Vault maps used:
D:1:      dpeg_arrival_castle, minmay_misc_feat_iff
D:2:      gammafunk_temple_overflow_elements, minivault_25,
          minmay_randomly_rotated_circles
D:3:      grunt_dithmenos_smoke_and_mirrors

Skill      XL: |  1 |
---------------+----+-----
Unarmed Combat | 1 |  1.8
Dodging        | |  2.0
Stealth        | |  2.6
Spellcasting   | |  2.0
Necromancy     | |  4.0

Action                   || total
-------------------------++-------
Melee: Unarmed           ||    27
       Constrict         ||     4
       Tentacles         ||     2
 Cast: Animate Skeleton  ||     1
 Stab: Sleeping          ||     1
Dodge: Dodged            ||    14

Table legend:
 A = Spawn XP
 B = Non-spawn XP
 C = Spawn XP percentage of total XP
 D = Spawn monster count
 E = Non-spawn monster count
 F = Spawn count percentage of total count
 G = Total turns spent on level
                    A         B        C        D         E        F      G
               +---------+---------+-------+---------+---------+-------+---------
         Total |       0 |      15 |   0.0 |       0 |       5 |   0.0 |   152
               +---------+---------+-------+---------+---------+-------+---------
           D:1 |       0 |       1 |   0.0 |       0 |       1 |   0.0 |    75
           D:3 |       0 |      14 |   0.0 |       0 |       4 |   0.0 |    70
               +---------+---------+-------+---------+---------+-------+---------
